 Dungeon Crawl Stone Soup version 0.13-a0-3104-gb5885e9 (webtiles) character file.

888 Malachi the Skirmisher (level 7, -15/54 HPs)
             Began as a Mummy Berserker on Sept 20, 2013.
             Was a High Priest of Trog.
             Killed from afar by a lich (38 damage)
             ... with a bolt of cold
             ... on Level 1 of the Abyss.
             The game lasted 00:10:09 (4666 turns).

Malachi the Skirmisher (Mummy Berserker)            Turns: 4666, Time: 00:10:09

HP -15/54        AC  9     Str 22      XL: 7   Next: 36%
MP   6/6         EV  9     Int  6      God: Trog [*****.]
Gold 199         SH  0     Dex 11      Spells:  0 memorised,  6 levels left

Res.Fire  : + . .   See Invis. : .   m - +2,+4 trident (freeze)
Res.Cold  : . . .   Warding    : .   q - +1 orc scale mail
Life Prot.: + + +   Conserve   : .   (no shield)
Res.Poison: +       Res.Corr.  : +   (no helmet)
Res.Elec. : .       Clarity    : .   i - +0 cloak
Sust.Abil.: . .     Spirit.Shd : .   (no gloves)
Res.Mut.  : .       Stasis     : .   (no boots)
Res.Rott. : +       Flight     : .   c - cursed amulet of resist corrosion
Saprovore : . . .                    d - ring of protection from fire
                                     o - ring of fire

@: somewhat resistant to hostile enchantments, extremely unstealthy
A: no food or potions, fire vulnerability, restore body, cold resistance 1, life
protection 3, poison resistance, torment resistance, unbreathing
a: Burn Spellbooks, Berserk, Trog's Hand, Brothers in Arms, Renounce Religion


You were on level 1 of the Abyss.
You worshipped Trog.
Trog was exalted by your worship.
You were not hungry.

You visited 1 branch of the dungeon, and saw 5 of its levels.
You visited the Abyss 1 time.

You collected 179 gold pieces.

Inventory:

Hand weapons
 a - a +0,+0 mace
 e - a +1,+2 spear of distortion (quivered)
 m - a +2,+4 trident of freezing (weapon)
Armour
 i - a +0 cloak (worn)
 n - a +0 orcish leather armour of magic resistance
 q - a +1 orcish scale mail (worn)
 u - a +0 elven ring mail
Scrolls
 f - 5 scrolls of remove curse {unknown}
 g - 4 scrolls of identify
 h - 3 scrolls of fog
 j - a scroll of fear
 k - a scroll of curse jewellery
 l - a scroll of recharging {unknown}
 r - a scroll of enchant armour
 s - a scroll of immolation {unknown}
Jewellery
 b - an uncursed ring of wizardry
 c - a cursed amulet of resist corrosion (around neck)
 d - a ring of protection from fire (right hand)
 o - a ring of fire (left hand)
 t - an uncursed ring of see invisible {unknown}


   Skills:
 + Level 4.5 Fighting
 - Level 3.2 Maces & Flails
 + Level 2.7 Polearms
 + Level 3.4 Armour
 + Level 3.7 Dodging
 + Level 0.8 Stealth


You had 6 spell levels left.
You didn't know any spells.

Dungeon Overview and Level Annotations

Branches:
Dungeon (5/27)
 Temple: D:4-7

Altars:

Annotations:
Abyss:1 Edmund


Innate Abilities, Weirdness & Mutations

You do not eat or drink.
Your flesh is vulnerable to fire.
Your flesh is cold resistant.
You are immune to negative energy.
Your system is resistant to poisons.
You are immune to unholy pain and torment.
You can survive without breathing.


Message History

The thrashing horror tramples you but does no damage.
Found a fluorescent wand.
The thrashing horror roars!
The thrashing horror tramples you.
You stumble backwards!
A sky beast comes into view.
The thrashing horror roars!
The thrashing horror tramples you.
You stumble backwards!
The sky beast moves out of view.
The thrashing horror roars!
The thrashing horror tramples you.
You hold your ground!
The thrashing horror tramples you but does no damage.
The thrashing horror roars!
The thrashing horror barely misses you. The thrashing horror tramples you.
You hold your ground!
The thrashing horror roars!
The thrashing horror tramples you.
You stumble backwards!
You hear some strange, mumbled words.
The bolt of cold hits you!
Ouch! That really hurt!
You die...

##....# ./
##.....## #
#.#....#..#
##..#... #
##.#.###.#
X.##..# #
..##...##
##. ##...###
#.. #..@X..#
#......##..#
..#.########
#. #


You could see a thrashing horror.

Vanquished Creatures
  3 orc wizards
  An orc priest (D:4)
  2 hounds (D:5)
  A gnoll shaman (D:4)
  An iguana (D:4)
  A worker ant (D:4)
  4 adders
  6 gnolls
  A white imp (Abyss:1)
  2 giant mites
  3 worms
  3 giant geckos
  2 oozes (D:4)
  19 orcs
  A bat skeleton (D:4)
  2 giant cockroaches
  12 hobgoblins
  3 quokkas
  A ball python (D:4)
  21 bats
  2 giant newts
  13 goblins
  10 jackals
  10 kobolds
  A lurking horror (Abyss:1)
  8 rats
133 creatures vanquished.

Vanquished Creatures (others)
  A jelly (D:3)
  A worker ant (D:4)
  2 orc wizards
  An adder (D:1)
  An orc (D:4)
  A bat (D:1)
  A hobgoblin (D:4)
  2 starspawn tentacles (Abyss:1)
10 creatures vanquished.

Grand Total: 143 creatures vanquished

Notes
Turn   | Place    | Note
--------------------------------------------------------------
     0 | D:1      | Malachi, the Mummy Berserker, began the quest for the Orb.
     0 | D:1      | Reached XP level 1. HP: 18/18 MP: 0/0
   175 | D:1      | Reached XP level 2. HP: 14/24 MP: 1/1
   326 | D:1      | Acquired Trog's second power
   578 | D:1      | Reached XP level 3. HP: 30/30 MP: 2/2
  1603 | D:2      | Reached XP level 4. HP: 36/36 MP: 3/3
  2387 | D:3      | Acquired Trog's third power
  2572 | D:3      | Reached skill level 1 in Polearms
  2572 | D:3      | Reached XP level 5. HP: 42/42 MP: 4/4
  3251 | D:4      | Noticed Edmund
  3588 | D:4      | Banished Edmund
  3588 | D:4      | Reached skill level 4 in Fighting
  3588 | D:4      | Reached XP level 6. HP: 40/49 MP: 5/5
  3925 | D:4      | Reached XP level 7. HP: 54/54 MP: 6/6
  4267 | D:5      | Entered Level 5 of the Dungeon
  4440 | D:5      | Cast into the Abyss (a distortion unwield)
  4529 | Abyss:1  | Noticed a starcursed mass
  4529 | Abyss:1  | Noticed a tentacled starspawn
  4529 | Abyss:1  | Noticed a hellwing
  4531 | Abyss:1  | Paralysed by accursed screaming for 1 turns
  4652 | Abyss:1  | Noticed a lich
  4658 | Abyss:1  | Noticed a thrashing horror
  4666 | Abyss:1  | Killed from afar by a lich

Action                   |  1- 3 |  4- 6 |  7- 9 || total
-------------------------+-------+-------+-------++-------
Melee: Spear             |    88 |   226 |    82 ||   396
       Trident           |       |       |     4 ||     4
Invok: Trog's Hand       |       |     3 |     1 ||     4
  Use: Scroll            |     3 |    10 |     1 ||    14
 Stab: Sleeping          |       |     1 |       ||     1
